 Dungeon Crawl Stone Soup version 0.28.0-53-g5a82cb258f (webtiles) character file.

Game seed: 6110888587994116888

23 tizbic2 the Grave Robber (level 2, -5/19 HPs)
             Began as a Mummy Necromancer on July 17, 2022.
             Was a Follower of Cheibriados.
             Slain by a worm (9 damage)
             ... on level 2 of the Dungeon.
             The game lasted 00:04:49 (1336 turns).

tizbic2 the Grave Robber (Mummy Necromancer)        Turns: 1336, Time: 00:04:50

Health: -5/19      AC:  3    Str: 14    XL:     2   Next: 75%
Magic:  0/6        EV: 11    Int: 17    God:    Cheibriados [*.....]
Gold:   82         SH:  0    Dex: 15    Spells: 6/7 levels left

rFire   x . .      SeeInvis .   g - +1 dagger
rCold   + . .      Faith    .   (no shield)
rNeg    + + +      Spirit   .   c - +0 leather armour
rPois   ∞          Reflect  .   (no helmet)
rElec   .          Harm     .   (no cloak)
rCorr   .          Rampage  .   (no gloves)
Will    .....                   (no boots)
Stlth   ++........              (no amulet)
HPRegen 0.06/turn               (no ring)
MPRegen 0.10/turn               (no ring)

@: very slightly contaminated, very slow
A: cold resistance 1, negative energy resistance 3, torment resistance 2, heat
vulnerability 1, no potions
a: Renounce Religion, Bend Time


You were on level 2 of the Dungeon.
You worshipped Cheibriados.
Cheibriados was aware of your devotion.
You visited 1 branch of the dungeon, and saw 2 of its levels.

You collected 82 gold pieces.

Inventory:

Hand Weapons
 g - a +1 dagger (weapon)
Armour
 b - a +0 chain mail
 c - a +0 leather armour (worn)
Scrolls
 a - a scroll of amnesia {unknown}
 d - a scroll of vulnerability {unknown}
 f - a scroll of identify {unknown}


   Skills:
 * Level 1.1 Armour
 - Level 1.5 Dodging
 - Level 1.5 Stealth
 * Level 3.4 Spellcasting
 + Level 4.1 Necromancy


You had 6 spell levels left.
You knew the following spells:

 Your Spells              Type           Power      Damage    Failure   Level
a - Pain                  Necr           68%        1d7       3%          1

Your spell library contained the following spells:

 Spells                   Type           Power      Damage    Failure   Level
 Animate Skeleton         Necr           34%        N/A       3%          1
 Vampiric Draining        Necr           17%        2d7       11%         3
 Slow                     Hex            8%         N/A       21%         1
 Animate Dead             Necr           8%         N/A       36%         4
 Confusing Touch          Hex            2%         N/A       52%         3
 Ignite Poison            Fire/Tmut/Pois 2%         N/A       52%         3
 Mephitic Cloud           Conj/Pois/Air  2%         N/A       52%         3
 Agony                    Necr           17%        N/A       71%         5
 Freezing Cloud           Conj/Ice/Air   1%         6-21      99%         5


Dungeon Overview and Level Annotations

Branches:
Dungeon (2/15)

Altars:
Cheibriados


Innate Abilities, Weirdness & Mutations

You are immune to poison.
Your flesh is cold resistant. (rC+)
You are immune to negative energy. (rN+++)
You are immune to unholy pain and torment.
You are vulnerable to heat. (rF-)
You do not drink.


Message History

The worm closely misses you.
You hit the worm.
The worm is severely wounded.
You hit the worm.
The worm is severely wounded.
The worm bites you.
* * * LOW HITPOINT WARNING * * *
Okay, then.
You hit the worm.
The worm is almost dead.
The worm barely misses you.
You hit the worm.
The worm is almost dead.
As you read the scroll labelled GOAFRU CU WUSCH, it crumbles to dust.
It is a scroll of enchant weapon.
Your +0 dagger glows red for a moment.
The worm bites you.
* * * LOW HITPOINT WARNING * * *
You barely miss the worm.
The worm is almost dead.
You hit the worm.
The worm is almost dead.
The worm closely misses you.
You hit the worm but do no damage.
The worm is almost dead.
The worm barely misses you.
Casting: Pain (safe; 3% risk of failure)
Confirm with . or Enter, or press ? or * to list all spells.
Aiming: Pain (safe; 3% risk of failure)
Press: ? - help, Shift-Dir - straight line, f/p - worm
Aim: a worm (almost dead, chance to affect: 81%)
You miscast Pain.
You are very lightly contaminated with residual magic.
Nothing appears to happen.
Casting: Pain (safe; 3% risk of failure)
Confirm with . or Enter, or press ? or * to list all spells.
Aiming: Pain (safe; 3% risk of failure)
Press: ? - help, Shift-Dir - straight line, f/p - worm
Aim: a worm (almost dead, chance to affect: 81%)
The worm writhes in agony.
The worm bites you!
You die...

... .... ...... ......#
......########
##.....#.....##
##.............##
#.......w@......#
#..>............#
########...............#
...............).......#
########...............#
##.............##
##.....#.....##
#############


You could see a worm.

Vanquished Creatures
  A bat (D:1)
  5 endoplasms
  2 giant cockroaches (D:1)
  2 goblins
  6 ball pythons
  2 frilled lizards (D:1)
  2 kobolds (D:1)
  2 rats (D:1)
22 creatures vanquished.

Notes
Turn   | Place    | Note
-------+----------+-------------------------------------------
     0 | D:1      | tizbic2 the Mummy Necromancer began the quest for the Orb.
     0 | D:1      | Reached XP level 1. HP: 13/13 MP: 4/4
   483 | D:1      | Reached XP level 2. HP: 3/19 MP: 1/6
  1015 | D:1      | Found a faded altar of an unknown god.
  1017 | D:1      | Reached skill level 1 in Armour
  1031 | D:1      | Prayed at the altar of an unknown god.
  1031 | D:1      | Became a worshipper of Cheibriados the Contemplative
  1031 | D:1      | Reached * piety under Cheibriados
  1336 | D:2      | Slain by a worm

Illustrated notes

Levels and vault maps discovered:
D:1:      evilmike_arrival_crescent, layout_loops_ring,
          ebering_ecumenical_altar_box
D:2:      layout_rooms

Skill      XL: |  1  2 |
---------------+-------+-----
Spellcasting   | 3 |  3.4
Armour         | 1 |  1.1
Dodging        | |  1.5
Stealth        | |  1.5
Necromancy     | |  4.1

Action                   || total
-------------------------++-------
Melee: Unarmed           ||    33
       Dagger            ||    30
       Club              ||     2
       Punch             ||     1
 Cast: Pain              ||    35
  Use: Scroll            ||     1
Armor: Leather armour    ||     8
       Robe              ||     2
       Chain mail        ||     7
Dodge: Dodged            ||    32
